 Dungeon Crawl Stone Soup version 0.29.1-2-gbd0b4ee654 (webtiles) character file.

Game seed: 13710547564744455820

58 NinjaNoafa the Sneak (level 3, 0/16 HPs)
             Began as a Spriggan Enchanter on Nov 16, 2022.
             Slain by a worm (10 damage)
             ... on level 2 of the Dungeon.
             The game lasted 00:09:42 (2606 turns).

NinjaNoafa the Sneak (Spriggan Enchanter)           Turns: 2606, Time: 00:09:42

Health: 0/16       AC:  4    Str:  6    XL:     3   Next: 75%
Magic:  8/8        EV: 18    Int: 18    God:
Gold:   158        SH:  0    Dex: 19    Spells: 7/7 levels left

rFire   . . .      SeeInvis +   a - +6 dagger of the Lost People {holy, Str+2 Dex+4 SInv}
rCold   . . .      Faith    .   (no shield)
rNeg    . . .      Spirit   .   b - +0 robe
rPois   .          Reflect  .   k - +2 hat
rElec   .          Harm     .   (no cloak)
rCorr   .          Rampage  .   (gloves unavailable)
Will    .....                   (boots unavailable)
Stlth   +++.......              (no amulet)
HPRegen 0.05/turn               (no ring)
MPRegen 0.11/turn               (no ring)

@: very quick
A: very small, no large weapons, unfitting armour, see invisible, speed 3
a: no special abilities


You were on level 2 of the Dungeon.
You visited 1 branch of the dungeon, and saw 3 of its levels.

You collected 158 gold pieces.

Inventory:

Hand Weapons
 a - the +6 dagger of the Lost People (weapon) {holy, Str+2 Dex+4 SInv}
   (You found it on level 2 of the Dungeon)

   It has been blessed by the Shining One to cause great damage to the undead
   and demons.
   Str:       It affects your strength (+2).
   Dex:       It affects your dexterity (+4).
   SInv:      It lets you see invisible.
Missiles
 g - 5 poisoned darts (quivered)
 m - a stone
 o - 2 throwing nets
Armour
 b - a +0 robe (worn)
 k - a +2 hat (worn)
Jewellery
 d - a ring of fire
Scrolls
 j - a scroll of enchant armour {unknown}
Potions
 c - 3 potions of invisibility
 e - a potion of might {unknown}
 f - a potion of haste {unknown}
 l - a potion of flight {unknown}
 n - a potion of degeneration {unknown}
 p - a potion of mutation {unknown}


   Skills:
 + Level 2.2 Short Blades
 + Level 3.1 Dodging
 + Level 5.4 Stealth
 - Level 2.6 Spellcasting
 * Level 4.4 Hexes


You had 7 spell levels left.
You didn't know any spells.
Your spell library contained the following spells:

 Spells                   Type           Power      Damage    Failure   Level
 Confusing Touch          Hex            18%        N/A       9%          3
 Tukima's Dance           Hex            18%        N/A       9%          3
 Ensorcelled Hibernation  Hex/Ice        20%        N/A       11%         2
 Dazzling Flash           Conj/Hex       20%        N/A       21%         3
 Summon Guardian Golem    Hex/Summ       10%        N/A       21%         3
 Orb of Destruction       Conj           1%         9d5       100%        7
 Spellforged Servitor     Conj/Summ      1%         N/A       100%        7


Dungeon Overview and Level Annotations

Branches:
Dungeon (3/15)

Altars:
Elyvilon
Wu Jian

Shops:
D:3 [

Annotations:
D:2 Terence


Innate Abilities, Weirdness & Mutations

You are very small and have problems with some larger weapons.
You are too small for most types of armour.
You have supernaturally acute eyesight. (SInv)
You cover ground extremely quickly. (Speed+++)


Message History

You open the door.
Found a faded altar of an unknown god.
Found an escape hatch in the floor.
There is an escape hatch in the floor here.
Found a stone staircase leading down.
You see here the +6 dagger of the Lost People {holy, Str+2 Dex+4 SInv}.
An endoplasm comes into view.
The helpless endoplasm fails to defend itself.
You impale the endoplasm!!
You kill the endoplasm!
You see here the +6 dagger of the Lost People {holy, Str+2 Dex+4 SInv}.
a - the +6 dagger of the Lost People {holy, Str+2 Dex+4 SInv} Your +2 short sword of venom stops dripping with poison.
You feel stronger.
You feel agile.
The +6 dagger of the Lost People {holy, Str+2 Dex+4 SInv} softly glows with a divine radiance!
a - the +6 dagger of the Lost People (weapon)
{holy, Str+2 Dex+4 SInv} You drop a +2 short sword of venom.
You see here a +2 short sword of venom.
An adder comes into view.
A worm comes into view.
The adder hisses angrily.
The adder closely misses you.
You miss the adder. The adder misses you.
You hit the adder.
The adder is moderately wounded.
The adder barely misses you.
You closely miss the adder.
The adder is moderately wounded.
The adder barely misses you. The worm completely misses you.
You hit the adder.
The adder is severely wounded.
The adder closely misses you. The worm bites you!
You hit the adder. You punch the adder.
You kill the adder!
You see here an adder corpse.
You hit the worm.
The worm is moderately wounded.
The worm bites you!
Ouch! That really hurt!
You die...

#.# ##.### #.####.....
#### #.......### ...
#######.# ##.## #.#
##...## #######.#
#.##.....#######.......#
#.......w@†......#######
####.....#########
##...## ##.## ... ####


You could see a worm.

Vanquished Creatures
  2 adders (D:2)
  A worm (D:2)
  A dart slug (D:3)
  An orc (D:3)
  3 bats
  2 endoplasms
  A giant cockroach (D:1)
  2 goblins (D:1)
  A hobgoblin (D:2)
  4 jackals
  A quokka (D:1)
  A ball python (D:3)
  3 frilled lizards (D:1)
  5 kobolds
  7 rats
35 creatures vanquished.

Vanquished Creatures (others)
  A ball python (D:3)
  A quokka (D:3)
2 creatures vanquished.

Grand Total: 37 creatures vanquished

Notes
Turn   | Place    | Note
-------+----------+-------------------------------------------
     0 | D:1      | NinjaNoafa the Spriggan Enchanter began the quest for the
                  | Orb.
     0 | D:1      | Reached XP level 1. HP: 9/9 MP: 5/5
   236 | D:1      | Reached XP level 2. HP: 13/13 MP: 6/6
   772 | D:1      | Reached skill level 5 in Stealth
  1153 | D:2      | Found a white marble altar of Elyvilon.
  1217 | D:2      | Reached XP level 3. HP: 15/16 MP: 8/8
  1275 | D:2      | Noticed Terence
  1709 | D:3      | Found an ornate altar of the Wu Jian Council.
  2116 | D:3      | Found Ashroel's Armour Boutique.
  2423 | D:2      | Found a faded altar of an unknown god.
  2472 | D:2      | Identified the +6 dagger of the Lost People {holy, Str+2
                  | Dex+4 SInv}
  2606 | D:2      | Slain by a worm

Illustrated notes

Levels and vault maps discovered:
D:1:      tarquinn_simple_flora_water_e, layout_loops_ring, minmay_unequal
D:2:      layout_loops_ring, basic_altar,
          dreamdust_ecumenical_altar_angels_and_demons,
          kennysheep_generic_room_8, uniq_terence, uniq_jessica
D:3:      layout_basic, elyvilon_altar_4, amcnicky_altar_gilded, serial_shops,
          shop, minmay_between

Skill      XL: |  1  2  3 |
---------------+----------+-----
Hexes          | 4 |  4.4
Stealth        | 5 |  5.4
Short Blades   | 2 |  2.2
Dodging        | 3 |  3.1
Spellcasting   | |  2.6

Action                   || total
-------------------------++-------
Melee: Dagger            ||   117
       Punch             ||     2
       Short sword       ||     1
  Use: Scroll            ||     2
       Potion            ||     1
 Stab: Sleeping          ||    13
Armor: Robe              ||    13
Dodge: Dodged            ||    69
